 Dungeon Crawl Stone Soup version 0.27.0-1-g7a089689b8 (webtiles) character file.

Game seed: 6448307938540301450

63 tovald2 the Skirmisher (level 3, 0/29 HPs)
             Began as a Demonspawn Chaos Knight on Aug 17, 2021.
             Was a Plaything of Xom.
             Slain by Sigmund (3 damage)
             ... on level 2 of the Dungeon.
             The game lasted 00:04:22 (1439 turns).

tovald2 the Skirmisher (Demonspawn Chaos Knight)    Turns: 1439, Time: 00:04:22

Health: 0/29       AC:  5    Str: 12    XL:     3   Next: 89%
Magic:  3/3        EV: 11    Int: 13    God:    Xom [.*....]
Gold:   53         SH:  0    Dex: 13    Spells: 2/2 levels left

rFire    . . .     SeeInvis .   a - +0 falchion (chaos)
rCold    . . .     Faith    .   (no shield)
rNeg     . . .     Spirit   .   b - +2 leather armour
rPois    .         Reflect  .   (no helmet)
rElec    .         Harm     .   (no cloak)
rCorr    .         Rampage  .   (no gloves)
Will     .....                  (no boots)
Stlth    ++........             (no amulet)
HPRegen  0.09/turn              (no ring)
MPRegen  0.08/turn              (no ring)

@: no status effects
A: talons 1, sturdy frame 1
a: Renounce Religion


You were on level 2 of the Dungeon.
You worshipped Xom.
You were a plaything of Xom.
You visited 1 branch of the dungeon, and saw 2 of its levels.

You collected 53 gold pieces.

Inventory:

Hand Weapons
 a - a +0 falchion of chaos (weapon)
 e - a +0 hunting sling
Armour
 b - a +2 leather armour (worn)
Scrolls
 c - a scroll of enchant armour {unknown}
 h - a scroll of fog {unknown}
 j - a scroll of teleportation {unknown}
Potions
 d - a potion of invisibility {unknown}
 f - 2 potions of heal wounds
 i - 2 potions of degeneration {unknown}
Miscellaneous
 g - a condenser vane


   Skills:
 + Level 3.5 Fighting
 + Level 0.4(2.1) Short Blades
 * Level 3.4(3.5) Long Blades
 + Level 2.1 Armour
 + Level 0.9 Dodging
 * Level 1.0 Stealth
 * Level 0.3 Evocations


You had 2 spell levels left.
You didn't know any spells.
Your spell library was empty.

Dungeon Overview and Level Annotations

Branches:
Dungeon (2/15)

Altars:

Annotations:
D:2 Sigmund


Innate Abilities, Weirdness & Mutations

You have sharp toenails.
Your movements are slightly less encumbered by armour. (ER -2)


Message History

You hit Sigmund. You burn Sigmund.
Sigmund is lightly wounded.
Sigmund hits you with a +0 scythe. The hobgoblin closely misses you.
You riposte.
You hit the hobgoblin. You freeze the hobgoblin.
You kill the hobgoblin!
The kobold throws a stone.
The stone closely misses you. Sigmund casts a spell at you.
The puff of flame hits you.
You don't know any spells.
You can't see any item there. x2
Hit: a) +0 falchion (chaos)
Press: ? - help, Dir - move target, f - Sigmund
Aim: Sigmund, wielding a +0 scythe and wearing a +0 robe (lightly wounded, about 45% to evade your +0 falchion of chaos)
Okay, then.
Hit: a) +0 falchion (chaos)
Press: ? - help, Dir - move target, f - Sigmund
Aim: Sigmund, wielding a +0 scythe and wearing a +0 robe (lightly wounded, about 45% to evade your +0 falchion of chaos)
Okay, then.
You closely miss Sigmund. You claw Sigmund, but do no damage.
Sigmund is lightly wounded.
The kobold throws a stone.
The stone hits you but does no damage. Sigmund barely misses you.
You riposte.
You hit Sigmund. You burn Sigmund. Your kick misses Sigmund.
Sigmund is lightly wounded.
You closely miss Sigmund.
Sigmund is lightly wounded.
Sigmund hits you with a +0 scythe.
The kobold throws a stone.
The stone hits you but does no damage.
You hit Sigmund.
Sigmund is moderately wounded. "This might be better!"
The kobold seems to slow down.
Sigmund hits you with a +0 scythe!
You hit Sigmund.
You feel better.
Your kick misses Sigmund.
Sigmund is heavily wounded.
Xom grants you some temporary aid. Sigmund hits you with a +0 scythe!
* * * LOW HITPOINT WARNING * * *
Sigmund hits you from afar with a +0 scythe.
You die... "This toy is broken."

#.# #. #......... #.# #.
##.####### #.# #. #.#
#.### #. # #.# #...#
##.##.# #.# ###.#
####.5.#.##### #.#
#....5@†...K.. #.#
#.##...### #.#
#.###.5@.# #.# #.#
####.# #.# #.# #.#
#.######.######.#
#......(........#
#.#######.####### #.#
#.### #.# #.# #.# #....
#.#######.### #.# #####
#...........##########.#


You could see Sigmund (ally target), a friendly iron imp (summoned), a friendly
crimson imp (summoned) and a friendly ufetubus (summoned).

Vanquished Creatures
  Natasha (D:2)
  3 dart slugs
  4 bats
  2 endoplasms (D:1)
  2 giant cockroaches (D:1)
  3 goblins
  6 hobgoblins
  A kobold (D:1)
  A quokka (D:1)
  4 ball pythons
  5 frilled lizards
  A rat (D:1)
33 creatures vanquished.

Vanquished Creatures (others)
  3 plants (D:1)
3 creatures vanquished.

Grand Total: 36 creatures vanquished

Notes
Turn   | Place    | Note
-------+----------+-------------------------------------------
     0 | D:1      | tovald2 the Demonspawn Chaos Knight began the quest for the
                  | Orb.
     0 | D:1      | Reached XP level 1. HP: 18/18 MP: 1/1
     6 | D:1      | Noticed an electric eel
   169 | D:1      | Gained mutation: You have sharp toenails. [demonic
                  | ancestry]
   169 | D:1      | Reached XP level 2. HP: 5/24 MP: 2/2
   509 | D:1      | XOM: silly message
   742 | D:1      | Found a faded altar of an unknown god.
   909 | D:1      | Gained mutation: Your movements are slightly less
                  | encumbered by armour. (ER -2) [demonic ancestry]
   909 | D:1      | Reached XP level 3. HP: 29/29 MP: 3/3
   931 | D:1      | XOM: god gift: condenser vane
  1159 | D:2      | Noticed Natasha
  1169 | D:2      | Killed Natasha
  1170 | D:2      | Reached skill level 1 in Stealth
  1431 | D:2      | Noticed Sigmund
  1437 | D:2      | XOM: enchant monster (good)
  1438 | D:2      | XOM: summons 3 friendly demons
  1439 | D:2      | Slain by Sigmund

Illustrated notes

Levels and vault maps discovered:
D:1:      arrival_aquarium_a, layout_basic, shapermc_ecumenical_altar_venn,
          hangedman_decor_growths, minmay_shallow_snake_nest
D:2:      layout_loops_ring, uniq_natasha, uniq_sigmund,
          uniq_crazy_yiuf_cottage, uniq_jessica

Skill      XL: |  1  2  3 |
---------------+----------+-----
Armour         | 2 |  2.1
Long Blades    | 3 |  3.4
Stealth        | 1 |  1.0
Fighting       | |  3.5
Short Blades   | |  0.4
Dodging        | |  0.9
Evocations     | |  0.3

Action                   || total
-------------------------++-------
Melee: Falchion          ||    68
       Kick              ||    13
  Use: Potion            ||     1
Armor: Leather armour    ||    30
Dodge: Dodged            ||    44
       Rpst.: Falchion   ||    17
